 Dungeon Crawl Stone Soup version 0.26-a0-707-g31817bcca1 (webtiles) character file.

Game seed: 15173561610874357326

1168 somkeydreadnuts the Fighter (level 8, -5/48 HPs)
             Began as a Gargoyle Fighter on Oct 26, 2020.
             Was an Initiate of Dithmenos.
             Slain by an orc warrior
             ... wielding a +0 glaive
              (11 damage)
             ... on level 6 of the Dungeon.
             The game lasted 00:20:18 (5348 turns).

somkeydreadnuts the Fighter (Gargoyle Fighter)      Turns: 5348, Time: 00:20:18

Health: -5/48      AC: 17    Str: 21    XL:     8   Next: 40%
Magic:  8/8        EV:  7    Int: 10    God:    Dithmenos [......]
Gold:   346        SH: 14    Dex:  9    Spells: 7/7 levels left

rFire    x . .     SeeInvis .   a - +0 war axe
rCold    + . .     Faith    .   c - +0 kite shield
rNeg     + . .     Spirit   .   b - +0 scale mail
rPois    ∞         Reflect  +   (helmet restricted)
rElec    +         Harm     .   s - +0 cloak
rCorr    +         Rampage  .   u - +0 pair of gloves
MR       .....     Rnd*Tele +   z - +1 pair of boots
Stlth    ..........             q - amulet of reflection
HPRegen  0.16/turn              t - ring of resist corrosion
MPRegen  0.11/turn              x - ring of ice

@: no status effects
A: horns 1, frail 1, negative energy resistance 1, electricity resistance,
teleportitis 1, unbreathing, petrification resistance, rot immunity, AC +5
a: Renounce Religion


You were on level 6 of the Dungeon.
You worshipped Dithmenos.
Dithmenos was noncommittal.
You visited 2 branches of the dungeon, and saw 7 of its levels.

You collected 346 gold pieces.

Inventory:

Hand Weapons
 a - a +0 war axe (weapon)
 k - a +4 short sword of venom
Missiles
 m - 198 stones (quivered)
Armour
 b - a +0 scale mail (worn)
 c - a +0 kite shield (worn)
 s - a +0 cloak (worn)
 u - a +0 pair of gloves (worn)
 z - a +1 pair of boots (worn)
 A - a +0 plate armour
 B - a +2 leather armour of fire resistance
 C - the cursed +1 leather armour of Yngoe {Int+3, unknown}
   (You found it on level 6 of the Dungeon)

   It affects your intelligence (+3).
   It has a curse placed upon it.
Jewellery
 l - an uncursed amulet of regeneration
 q - an amulet of reflection (around neck)
 t - a ring of resist corrosion (left hand)
 x - a ring of ice (right hand)
Wands
 n - a wand of polymorph (9)
 y - a wand of iceblast (7)
Scrolls
 f - 6 scrolls of remove curse {unknown}
 h - a scroll of fog
 j - a scroll of enchant armour {unknown}
 o - 6 scrolls of identify
 p - 2 scrolls of blinking {unknown}
 r - 2 scrolls of magic mapping
 v - 2 scrolls of fear {unknown}
Potions
 d - a potion of stabbing {unknown}
 e - 4 potions of curing
 g - a potion of flight
 i - a potion of resistance
 w - a potion of might
 D - a potion of brilliance {unknown}


   Skills:
 - Level 8.2 Fighting
 + Level 6.4 Axes
 - Level 0.1 Throwing
 - Level 3.5 Armour
 - Level 3.3 Shields


You had 7 spell levels left.
You didn't know any spells.
Your spell library was empty.

Dungeon Overview and Level Annotations

Branches:
Dungeon (6/15)             Temple (1/1) D:6

Altars:
Cheibriados
Dithmenos
Fedhas
Gozag
Makhleb
Nemelex Xobeh
Okawaru
Qazlal
Ru
Trog
Uskayaw
Vehumet
Wu Jian
Yredelemnul
Zin
The Shining One


Innate Abilities, Weirdness & Mutations

You are resistant to torment.
Your stone body is resilient. (AC +5)
You are immune to poison.
You resist negative energy. (rN+)
You are resistant to electric shocks. (rElec)
You can survive without breathing.
You are immune to petrification.
You are immune to rotting.
You have a pair of small horns on your head.
You are frail. (-10% HP)
You are occasionally teleported next to monsters.


Message History

You hit the bullfrog. The bullfrog barely misses you.
You block the bullfrog's attack. The orc warrior closely misses you.
You hit the orc warrior.
The orc warrior is severely wounded.
You barely miss the bullfrog. You block the bullfrog's attack.
The bullfrog hits you but does no damage.
The orc warrior hits you with a +0 glaive!
* * * LOW HITPOINT WARNING * * *
You barely miss the orc warrior. Your headbutt misses the orc warrior.
The orc warrior is severely wounded.
You slash the bullfrog!
You kill the bullfrog!
Dithmenos accepts your kill. You block the orc warrior's attack.
You slash the orc warrior!
The orc warrior is almost dead.
You closely miss the orc warrior.
The orc warrior is almost dead.
The orc warrior hits you with a +0 glaive!
You die...

............$..
.[................
.........._.......
.........?.....##
#............... .
#.............#
..#.......o.....##
.........†@.........>.#+#..
...........†#.##...........
....#.......# +..........#
....####....####..........#
..........................#
..............................
...............###.........###
.....######....##'............
.....#.........##'......######


You could see an orc warrior.

Vanquished Creatures
  An ogre (D:6)
  A necrophage (D:5)
  A centaur (D:3)
  Blork the orc (D:4)
  A bullfrog (D:6)
  A scorpion (D:5)
  A bullfrog zombie (D:5)
  A centaur skeleton (D:5)
  4 orc priests
  Crazy Yiuf (D:4)
  4 orc wizards
  Terence (D:3)
  3 worker ants (D:5)
  A hound zombie (D:5)
  8 gnolls
  10 adders
  A white imp (D:5)
  3 worms
  3 dart slugs
  5 leopard geckos
  20 orcs
  3 giant cockroaches
  11 goblins
  8 hobgoblins
  3 quokkas
  2 ball pythons
  13 bats
  4 frilled lizards
  8 kobolds
  8 rats
132 creatures vanquished.

Vanquished Creatures (others)
  4 plants
  A withered plant (D:3)
5 creatures vanquished.

Grand Total: 137 creatures vanquished

Notes
Turn   | Place    | Note
-------+----------+-------------------------------------------
     0 | D:1      | somkeydreadnuts the Gargoyle Fighter began the quest for
                  | the Orb.
     0 | D:1      | Reached XP level 1. HP: 14/14 MP: 1/1
   228 | D:1      | Reached XP level 2. HP: 20/20 MP: 2/2
   246 | D:1      | Reached skill level 4 in Fighting
   292 | D:1      | Reached XP level 3. HP: 21/24 MP: 3/3
   866 | D:2      | Reached skill level 5 in Fighting
   906 | D:2      | Reached XP level 4. HP: 31/31 MP: 4/4
  1220 | D:2      | Found a faded altar of an unknown god.
  1586 | D:3      | Noticed Terence
  1599 | D:3      | Killed Terence
  1599 | D:3      | Reached skill level 6 in Fighting
  1599 | D:3      | Reached XP level 5. HP: 35/36 MP: 5/5
  1665 | D:3      | Found a basalt altar of Yredelemnul.
  2279 | D:3      | Noticed a centaur
  2281 | D:3      | Killed a centaur
  2281 | D:3      | Reached skill level 7 in Fighting
  2281 | D:3      | Reached XP level 6. HP: 43/44 MP: 6/6
  2628 | D:3      | Gained mutation: You are occasionally teleported next to
                  | monsters. [potion of mutation]
  2628 | D:3      | Gained mutation: You are frail. (-10% HP) [potion of
                  | mutation]
  2628 | D:3      | Gained mutation: You have a pair of small horns on your
                  | head. [potion of mutation]
  2784 | D:4      | Reached skill level 8 in Fighting
  3179 | D:4      | Noticed Blork the orc
  3189 | D:4      | Killed Blork the orc
  3189 | D:4      | Reached XP level 7. HP: 42/44 MP: 7/7
  3409 | D:4      | Found a burning altar of Makhleb.
  3471 | D:4      | Found a glowing silver altar of Zin.
  3532 | D:4      | Found a runed translucent door.
  3533 | D:4      | Noticed Crazy Yiuf
  3539 | D:4      | Killed Crazy Yiuf
  3642 | D:5      | Entered Level 5 of the Dungeon
  4209 | D:5      | Reached skill level 5 in Axes
  4209 | D:5      | Reached XP level 8. HP: 43/48 MP: 8/8
  4939 | D:6      | Found a staircase to the Ecumenical Temple.
  4947 | D:6      | Got a blackened leather armour
  4992 | Temple   | Entered the Ecumenical Temple
  5104 | Temple   | Became a worshipper of Dithmenos the Shadowed
  5329 | D:6      | Found an ornate altar of the Wu Jian Council.
  5348 | D:6      | Slain by an orc warrior

Illustrated notes

Levels and vault maps discovered:
D:1:      psy_arrival_dodecagon, layout_basic, serial_bayou_pond_b,
          minmay_small_reverse_x
D:2:      layout_loops_ring, chequers_ecumenical_altar_lobes
D:3:      layout_rooms, yredelemnul_altar_generic, minmay_misc_feat_hallway,
          lemuel_another_geyser, uniq_terence
D:4:      layout_basic, overflow_temple_1_default, zin_academy,
          uniq_blork_the_orc, uniq_crazy_yiuf_cottage
D:5:      layout_basic, minmay_fractal_squares_5
D:6:      layout_basic, grunt_temple_overflow_open, minmay_temple_entry_mist,
          serial_shops, nicolae_shop_overgrown_old_shop
Temple:   minmay_temple_bridge_abc

Skill      XL: |  1  2  3  4  5  6  7  8 |
---------------+-------------------------+-----
Fighting       | 4 5 6 7 8 |  8.2
Axes           | 2 5 6 |  6.4
Throwing       | |  0.1
Armour         | |  3.5
Shields        | |  3.3

Action                   |  1- 3 |  4- 6 |  7- 9 || total
-------------------------+-------+-------+-------++-------
Melee: War axe           |   120 |   227 |   125 ||   472
       Headbutt          |       |     7 |    21 ||    28
Throw: Stone             |       |     4 |     1 ||     5
  Use: Scroll            |     2 |       |     3 ||     5
       Potion            |       |     3 |       ||     3
Armor: Scale mail        |   101 |   123 |    56 ||   280
Dodge: Dodged            |    50 |    59 |    38 ||   147
Block: Kite shield       |    85 |   199 |   116 ||   400
       Reflection        |       |     5 |    10 ||    15

Table legend: (Time is in decaauts)
 A = Elapsed time spent in this place.
 B = Non-inter-level travel time spent in this place.
 C = Inter-level travel time spent in this place.
 D = Time resting spent in this place.
 E = Time spent auto-exploring this place.
 F = Levels seen in this place.
 G = Mean time per level.
                   A        B        C        D        E       F      G
               +--------+--------+--------+--------+--------+-----+--------+
         Total |   5558 |   5550 |      8 |      0 |   3467 |   7 |  794.0 |
       Dungeon |   5263 |   5255 |      8 |      0 |   3247 |   6 |  877.2 |
        Temple |    295 |    295 |      0 |      0 |    220 |   1 |  295.0 |
               +--------+--------+--------+--------+--------+-----+--------+

Top non-repeatable levels by time:
     D:5: 1248 daAuts
     D:2: 1197 daAuts
     D:4: 988 daAuts
     D:3: 929 daAuts
     D:1: 693 daAuts
  Temple: 295 daAuts
     D:6: 205 daAuts
